 Dungeon Crawl Stone Soup version 0.31-a0-202-g547052bce9 (webtiles) character file.

Game seed: 10082220410388016938

59 qw the Shooter (level 3, -6/20 HPs)
             Began as a Deep Elf Hunter on June 26, 2023.
             Killed by divine providence
             ... invoked by an orc priest
              (8 damage)
             ... on level 3 of the Dungeon.
             The game lasted 00:00:26 (1045 turns).

qw the Shooter (Deep Elf Hunter)                    Turns: 1045, Time: 00:00:26

Health: -6/20      AC:  7    Str: 10    XL:     3   Next: 78%
Magic:  5/5        EV:  9    Int: 13    God:
Gold:   141        SH:  0    Dex: 18    Spells: 2/2 levels left

rFire   . . .        Y - +0 shortbow
rCold   . . .        (shield currently unavailable)
rNeg    . . .        j - +0 scale mail
rPois   .            (no helmet)
rElec   .            (no cloak)
rCorr   .            (no gloves)
SInv    .            f - +0 pair of boots
Will    .....        (no amulet)
Stlth   +            (no ring)
HPRegen 0.23/turn    (no ring)
MPRegen 0.09/turn

%: no passive effects
@: about to teleport
A: no striking features
a: no special abilities


You were on level 3 of the Dungeon.
You visited 1 branch of the dungeon, and saw 3 of its levels.

You collected 141 gold pieces.


   Skills:
 - Level 1.5 Fighting
 + Level 7.3 Ranged Weapons
 - Level 2.4 Dodging
 - Level 1.2 Stealth


You had 2 spell levels left.
You didn't know any spells.
Your spell library was empty.

Inventory:

Hand Weapons
 Y - a +0 shortbow (weapon)
Armour
 f - a +0 pair of boots (worn)
 j - a +0 scale mail (worn)
Scrolls
 a - a scroll of enchant weapon {unknown}
Potions
 c - a potion of heal wounds {unknown}
 d - a potion of haste {unknown}
 i - a potion of mutation {unknown}

Dungeon Overview and Level Annotations

Branches:
Dungeon (3/15)

Altars:


Message History

a - a scroll labelled KOSHRE ZOURRA
d - a brown potion You now have 141 gold pieces (gained 11).
An orc comes into view. It is wielding a +0 mace.
The orc shouts!
You hear a shout!
You hear an angry hiss.
A hobgoblin comes into view.
The orc moves out of view.
You shoot an arrow. The arrow hits the hobgoblin!
You kill the hobgoblin!
You shoot an arrow. The arrow hits the orc.
The orc is severely wounded.
A hobgoblin comes into view.
You shoot an arrow. The arrow hits the orc!
You kill the orc!
You shoot an arrow.
The arrow completely misses the hobgoblin.
You shoot an arrow. The arrow closely misses the hobgoblin.
An orc priest comes into view. It is wielding a +0 hand axe.
You shoot an arrow. The arrow hits the hobgoblin!
You kill the hobgoblin!
The orc priest casts a cantrip, but nothing happens.
A gnoll comes into view. It is wielding a +0 club.
The gnoll moves out of view.
You shoot an arrow. The arrow hits the orc priest.
The orc priest is lightly wounded.
You shoot an arrow. The arrow hits the orc priest.
The orc priest is heavily wounded.
The orc priest invokes the aid of Beogh against you.
Beogh smites you!
You shoot an arrow. The arrow barely misses the orc priest.
The orc priest mumbles some strange prayers to Beogh against you.
You barely resist.
The orc priest calls down the wrath of Beogh upon you.
Beogh smites you!
1045 ||| READING scroll of teleportation.
As you read the scroll of teleportation, it crumbles to dust.
You feel strangely unstable.
The orc priest mumbles some strange prayers to Beogh against you.
Beogh smites you!
You die...

### # #.. #.#.#
#.###!#.#####...##
...o............. ##
#@#.# ... # ..
#.#.####.###.#
#.#...$........
#.##.###...##
##.#.##.....##
##..........##
###.##.........#####
.#..................
#.####.........#####


You could see an orc priest.

Vanquished Creatures
  2 adders (D:2)
  3 orcs (D:3)
  3 endoplasms (D:2)
  5 hobgoblins
  3 jackals (D:2)
  4 kobolds
  3 ball pythons
  3 bats (D:1)
  A frilled lizard (D:2)
  4 goblins
  6 rats
37 creatures vanquished.

Notes
Turn   | Place    | Note
-------+----------+-------------------------------------------
     0 | D:1      | qw the Deep Elf Hunter began the quest for the Orb.
     0 | D:1      | Reached XP level 1. HP: 12/12 MP: 3/3
     0 | D:1      | 0 ||| qw: Version: 0.3-a-22-g0ed2b0b
     0 | D:1      | 0 ||| qw: Game counter: 6335
     0 | D:1      | 0 ||| qw: Melee chars always use a shield: true
     0 | D:1      | 0 ||| qw: God list: Okawaru
     0 | D:1      | 0 ||| qw: Allow faded altars: false
     0 | D:1      | 0 ||| qw: Do Orc after clearing Dungeon:15 true
     0 | D:1      | 0 ||| qw: Do second Lair branch before Depths: true
     0 | D:1      | 0 ||| qw: Lair rune preference: random
     0 | D:1      | 0 ||| qw: Goals: Normal
     0 | D:1      | 0 ||| PLANNING D:1-11
   136 | D:1      | 136 ||| Stepping ~*~*~tactically~*~*~ (water).
   149 | D:1      | Reached XP level 2. HP: 16/16 MP: 4/4
   166 | D:1      | Reached skill level 6 in Ranged Weapons
   395 | D:1      | 395 ||| UPGRADING to +0 pair of boots.
   400 | D:1      | 400 ||| UPGRADING to +0 scale mail.
   410 | D:1      | 410 ||| DROPPING +0 leather armour.
   411 | D:1      | 411 ||| DROPPING ring of magical power.
   412 | D:1      | 412 ||| READING scroll labelled WAWKIB XOQEKON.
   413 | D:1      | 413 ||| READING scroll labelled WASOGA GYEHEINK.
   418 | D:1      | 418 ||| READING scroll labelled LUICWAFOMP.
   448 | D:1      | 448 ||| READING scroll labelled HAINUWNAITO.
   449 | D:1      | 449 ||| DROPPING scroll of butterflies.
   650 | D:2      | Found a faded altar of an unknown god.
   661 | D:2      | Reached XP level 3. HP: 19/20 MP: 5/5
   742 | D:2      | Reached skill level 7 in Ranged Weapons
   942 | D:2      | 942 ||| READING scroll labelled QOORCHY KERUWA.
   943 | D:2      | 943 ||| READING scroll labelled NEWIPP MYBOA.
  1044 | D:3      | HP: 2/20 [orc priest/divine providence (9)]
  1045 | D:3      | 1045 ||| READING scroll of teleportation.
  1045 | D:3      | Killed from afar by an orc priest

Levels and vault maps discovered:
D:1:      eino_arrival_tree_alley, layout_rooms, fountainhead
D:2:      layout_basic, chequers_ecumenical_altar_simple, chequers_arboretum,
          minmay_misc_feat_columns
D:3:      layout_loops_ring, trog_wizard, serial_shops, shop,
          uniq_crazy_yiuf_cottage, uniq_grinder

Skill      XL: |  1  2  3 |
---------------+----------+-----
Ranged Weapons | 6 7 |  7.3
Fighting       | |  1.5
Dodging        | |  2.4
Stealth        | |  1.2

Action                     || total
---------------------------++-------
   Fire: Shortbow          ||    90
    Use: Scroll            ||     7
 Armour: Scale mail        ||     5
  Dodge: Dodged            ||    14

Table legend:
 A = Non-vault XP
 B = Vault XP
 C = Vault XP percentage of total XP
 D = Non-vault monster count
 E = Vault monster count
 F = Vault count percentage of total count
                 A         B        C        D         E       F
            +---------+---------+-------+---------+---------+-------
      Total |      85 |       0 |   0.0 |      37 |       0 |   0.0
            +---------+---------+-------+---------+---------+-------
        D:1 |      16 |       0 |   0.0 |      12 |       0 |   0.0
        D:2 |      56 |       0 |   0.0 |      20 |       0 |   0.0
        D:3 |      13 |       0 |   0.0 |       5 |       0 |   0.0
            +---------+---------+-------+---------+---------+-------
